 Dungeon Crawl Stone Soup version 0.31.0-11-ge490571c62 (webtiles) character file.

Game seed: 14484227540336129441

3324 jasper the Toxicologist (level 9, -2/57 HPs)
             Began as a Vampire Alchemist on Feb 2, 2024.
             Was a Follower of Kikubaaqudgha.
             Killed from afar by a gargoyle (7 damage)
             ... with a stone arrow
             ... on level 8 of the Dungeon.
             The game lasted 00:11:41 (7618 turns).

jasper the Toxicologist (Vampire Alchemist)         Turns: 7618, Time: 00:11:42

Health: -2/57      AC:  6    Str:  7    XL:     9   Next: 71%
Magic:  5/17       EV: 12    Int: 22    God:    Kikubaaqudgha [*.....]
Gold:   322        SH:  0    Dex: 20    Spells: 4/18 levels left

rFire   . . .        I - +7 Throatcutter {drain, coup de grace}
rCold   + . .        (no shield)
rNeg    . . .        x - +3 leather armour {rC+}
rPois   +            (no helmet)
rElec   .            (no cloak)
rCorr   .            (no gloves)
SInv    +            (no boots)
Will    .....        (no amulet)
Stlth   ++           g - +6 ring of dexterity
HPRegen 0.49/turn    l - ring of poison resistance
MPRegen 0.15/turn

%: no passive effects
@: healing quickly, hasted, very quick
A: alive, fangs 3, see invisible, vampiric 2
a: Exsanguinate, Renounce Religion, Unearth Wretches


You were on level 8 of the Dungeon.
You worshipped Kikubaaqudgha.
Kikubaaqudgha was aware of your devotion.
You visited 2 branches of the dungeon, and saw 9 of its levels.

You collected 322 gold pieces.

Inventory:

Hand Weapons
 d - a +0 dagger
 C - a +3 trident
 I - the +7 Throatcutter (weapon) {drain, coup de grace}
   (You found it on level 7 of the Dungeon)
Missiles
 h - 4 javelins
 t - 6 boomerangs
Armour
 a - a +0 robe
 x - a +3 leather armour of cold resistance (worn)
 K - +0 steam dragon scales
Magical Staves
 s - a staff of cold
Jewellery
 g - a +6 ring of dexterity (left hand)
 l - a ring of poison resistance (right hand)
 z - a ring of flight
Wands
 m - a wand of polymorph (9)
 A - a wand of charming (6)
 G - a wand of flame (7)
 J - a wand of acid (8)
Scrolls
 c - 6 scrolls of identify {unknown}
 f - 2 scrolls of revelation {unknown}
 j - 2 scrolls of fog {unknown}
 k - 2 scrolls of amnesia {unknown}
 n - a scroll of poison {unknown}
 p - 3 scrolls of fear {unknown}
 v - 3 scrolls of teleportation {unknown}
 w - a scroll of noise {unknown}
 y - 3 scrolls of blinking {unknown}
 B - 2 scrolls of vulnerability {unknown}
 F - a scroll of acquirement {unknown}
 H - a scroll of immolation {unknown}
Potions
 b - a potion of magic
 i - a potion of brilliance {unknown}
 o - 4 potions of degeneration
 q - a potion of berserk rage {unknown}
 r - 3 potions of haste
 u - 2 potions of attraction {unknown}
 D - a potion of curing {unknown}
 E - a potion of might {unknown}


   Skills:
 - Level 2.1 Dodging
 - Level 3.0 Stealth
 + Level 5.3 Spellcasting
 * Level 5.0 Conjurations
 - Level 2.0 Air Magic
 * Level 6.0 Earth Magic
 - Level 10.0 Alchemy


You had 4 spell levels left.
You knew the following spells:

 Your Spells              Type           Power      Damage    Failure   Level
a - Sting                 Conj/Alch      100%       1d9       1%          1
b - Mephitic Cloud        Conj/Alch/Air  30%        N/A       4%          3
c - Olgreb's Toxic Radia  Alch           49%        N/A       2%          4
d - Swiftness             Air            14%        N/A       19%         3
e - Stone Arrow           Conj/Erth      60%        3d10      4%          3

Your spell library contained the following spells:

 Spells                   Type           Power      Damage    Failure   Level
 Sandblast                Erth           64%        2d14      1%          1
 Mercury Vapours          Alch/Air       64%        N/A       1%          2
 Passwall                 Erth           32%        N/A       3%          3
 Kiss of Death            Conj/Necr      68%        2d10      5%          1
 Necrotise                Necr           20%        1d5       14%         1
 Brom's Barrelling Bould  Conj/Erth      30%        2d5       16%         4
 Sticky Flame             Fire/Alch      27%        2d7       19%         4
 Ensorcelled Hibernation  Hex/Ice        10%        N/A       22%         2
 Fugue of the Fallen      Necr           5%         N/A       41%         3
 Tukima's Dance           Hex            5%         N/A       41%         3
 Vampiric Draining        Necr           5%         2d6       41%         3
 Iskenderun's Mystic Bla  Conj/Tloc      17%        2d5       45%         4
 Animate Dead             Necr           5%         N/A       82%         4
 Dimensional Bullseye     Hex/Tloc       2%         N/A       82%         4
 Borgnjor's Vile Clutch   Necr/Erth      9%         N/A       75%         5
 Death Channel            Necr           2%         N/A       100%        6


Dungeon Overview and Level Annotations

Branches:
Dungeon (8/15)             Temple (1/1) D:5            Lair (0/5) D:8

Altars:
Ashenzari
Cheibriados
Dithmenos
Fedhas
Gozag
Hepliaklqana
Kikubaaqudgha
Makhleb
Nemelex Xobeh
Okawaru
Qazlal
Sif Muna
Trog
Uskayaw
Vehumet
Xom
Yredelemnul

Shops:
D:1 *=(:=   D:8 :


Innate Abilities, Weirdness & Mutations

Your natural rate of healing is accelerated.
You have razor-sharp teeth.
You have supernaturally acute eyesight. (SInv)
You are afflicted with vampirism and can become a bat while bloodless.


Message History

The centaur kicks you but does no damage.
The centaur hits you but does no damage.
The centaur completely misses you.
You are too injured to fight recklessly!
Casting: Mephitic Cloud (dangerous; 4% risk of failure)
Confirm with . or Enter, or press ? or * to list all spells.
Aiming: Mephitic Cloud (dangerous; 4% risk of failure)
Press: ? - help, Shift-Dir - straight line, f - centaur
Aim: a centaur (chance to affect: 81%)
Okay, then.
Casting: Mephitic Cloud (dangerous; 4% risk of failure)
Confirm with . or Enter, or press ? or * to list all spells.
Aiming: Stone Arrow (dangerous; 4% risk of failure)
Press: ? - help, Shift-Dir - straight line, f - centaur
Aim: a centaur (83% to hit)
The stone arrow hits the centaur!
The centaur is severely wounded.
The centaur completely misses you.
The centaur kicks you but does no damage.
The centaur misses you. x2
Casting: Stone Arrow (dangerous; 4% risk of failure)
Confirm with . or Enter, or press ? or * to list all spells.
Aiming: Stone Arrow (dangerous; 4% risk of failure)
Press: ? - help, Shift-Dir - straight line, f/p - centaur
Aim: a centaur (severely wounded, 83% to hit)
The stone arrow hits the centaur!
You kill the centaur!
Kikubaaqudgha accepts your kill.
A gargoyle comes into view. It is wielding a +0 mace.
Your Conjurations skill increases to level 5!
Your Earth Magic skill increases to level 6!
Okay, then.
You feel yourself speed up. The gargoyle hits you with a +0 mace!
* * * LOW HITPOINT WARNING * * *
You hear a shout!
You hear a horrible gurgling sound!
Unknown command.
The gargoyle hurls a stone arrow at you.
The stone arrow hits you!
You die...
Kikubaaqudgha rasps: "You have failed me!
Welcome... death!"

#......................
#.........#............
#.....######...........
####..## ##..........
##..#####...#.......
##..#....#.........
##...######.......
#########.### #..#.....
#.......@...#####.###..#.
#...9..............###.##
#..c##.........###.####.#
##.#)####...#### #...###.
#. #.. ##### ##.....#. #.
)).. #........ #. .#c..
#........ #. .) ##
#........ ## .#
#.........


You could see a centaur warrior (wandering, poisoned) and a gargoyle.

Vanquished Creatures
  Joseph (D:8)
  A komodo dragon (D:8)
  Sigmund (D:3)
  A vampire mosquito (D:8)
  2 steam dragons
  Edmund (D:4)
  2 water moccasins (D:8)
  An ice beast (D:8)
  2 black bears
  2 orc warriors
  2 ogres (D:6)
  3 centaurs
  A phantom (D:5)
  A kobold brigand (D:8)
  A bullfrog (D:8)
  2 scorpions (D:5)
  A killer bee (D:8)
  A howler monkey (D:4)
  A bombardier beetle (D:4)
  2 jellies
  3 orc priests
  4 hounds
  A sleepcap (D:6)
  3 iguanas
  Terence (D:2)
  3 orc wizards
  2 adders
  A white imp (D:5)
  2 ufetubi
  A dart slug (D:3)
  A ribbon worm (D:3)
  21 orcs
  5 endoplasms
  5 giant cockroaches
  3 goblins
  7 hobgoblins
  3 quokkas
  10 ball pythons
  6 bats
  5 frilled lizards
  9 kobolds
  6 rats
131 creatures vanquished.

Notes
Turn   | Place    | Note
-------+----------+-------------------------------------------
     0 | D:1      | jasper the Vampire Alchemist began the quest for the Orb.
     0 | D:1      | Reached XP level 1. HP: 13/13 MP: 3/3
   175 | D:1      | Found Plog's Book Emporium.
   232 | D:1      | Reached XP level 2. HP: 19/19 MP: 0/5
   307 | D:1      | Found Heuj's Weapon Emporium.
   310 | D:1      | Reached skill level 4 in Alchemy
   395 | D:1      | Found Noer's Jewellery Shop.
   420 | D:1      | Found Ocog's Jewellery Boutique.
   589 | D:1      | Found Numi's Assorted Antiques.
  1046 | D:2      | Gained mutation: You are afflicted with vampirism and can
                  | become a bat while bloodless. [Vampire growth]
  1046 | D:2      | Reached XP level 3. HP: 24/24 MP: 1/6
  1050 | D:2      | Learned a level 3 spell: Mephitic Cloud
  1120 | D:2      | Noticed Terence
  1132 | D:2      | Killed Terence
  1133 | D:2      | Reached skill level 5 in Alchemy
  1470 | D:2      | Reached XP level 4. HP: 30/30 MP: 0/7
  1681 | D:2      | You fall into a shaft and drop 2 floors!
  1719 | D:4      | Noticed Edmund
  1760 | D:4      | Killed Edmund
  1761 | D:4      | Reached skill level 6 in Alchemy
  1761 | D:4      | Reached XP level 5. HP: 34/35 MP: 4/8
  2028 | D:2      | Learned a level 4 spell: Olgreb's Toxic Radiance
  2140 | D:3      | Reached skill level 7 in Alchemy
  2782 | D:3      | Noticed Sigmund
  2790 | D:3      | Killed Sigmund
  2791 | D:3      | Reached skill level 8 in Alchemy
  2791 | D:3      | Reached XP level 6. HP: 34/41 MP: 0/9
  3174 | D:3      | Found an iron altar of Okawaru.
  3699 | D:4      | Reached XP level 7. HP: 46/46 MP: 5/10
  3782 | D:4      | Found a hazy altar of Hepliaklqana.
  3948 | D:5      | Entered Level 5 of the Dungeon
  3951 | D:5      | Reached skill level 9 in Alchemy
  4045 | D:5      | Found a staircase to the Ecumenical Temple.
  4142 | Temple   | Entered the Ecumenical Temple
  4243 | D:5      | Found an ancient bone altar of Kikubaaqudgha.
  4250 | D:5      | Became a worshipper of Kikubaaqudgha
  4610 | D:5      | Reached skill level 10 in Alchemy
  4889 | D:6      | Reached skill level 1 in Conjurations
  4889 | D:6      | Reached skill level 1 in Air Magic
  5105 | D:6      | Reached XP level 8. HP: 52/52 MP: 0/11
  5109 | D:6      | Learned a level 3 spell: Swiftness
  5688 | D:6      | Learned a level 3 spell: Stone Arrow
  5898 | D:6      | Reached skill level 1 in Earth Magic
  6000 | D:7      | Found the +7 Throatcutter {drain, coup de grace}
  6183 | D:8      | Found Ahafyav's Book Shoppe.
  6484 | D:8      | Reached XP level 9. HP: 51/57 MP: 2/15
  6631 | D:8      | Noticed Joseph
  6645 | D:8      | Killed Joseph
  7144 | D:8      | Reached * piety under Kikubaaqudgha
  7144 | D:8      | Received a gift from Kikubaaqudgha
  7277 | D:8      | Found a staircase to the Lair.
  7277 | D:8      | Noticed a komodo dragon
  7300 | D:8      | Killed a komodo dragon
  7301 | D:8      | Reached skill level 5 in Earth Magic
  7468 | D:8      | Reached skill level 5 in Spellcasting
  7498 | D:8      | Noticed a centaur warrior
  7613 | D:8      | Noticed a gargoyle
  7614 | D:8      | Reached skill level 5 in Conjurations
  7618 | D:8      | Killed from afar by a gargoyle

Illustrated notes

Levels and vault maps discovered:
D:1:      co_arrival_random_square_maze, layout_rooms, serial_shops,
          nicolae_shop_hallway_plus, shop, nicolae_book_shop_shelving,
          nicolae_shop_behind_doors, shop, minmay_tall_x
D:2:      layout_rooms, uniq_terence
D:3:      layout_basic, mainiacjoe_overflow_swirl, kennysheep_small_spiral,
          uniq_sigmund
D:4:      layout_loops_ring, mainiacjoe_overflow_chevrons, uniq_edmund
D:5:      layout_loops_ring, nicolae_kikubaaqudgha_miasma_corner,
          minmay_temple_entry_arrows
D:6:      layout_rooms
D:7:      layout_rooms, nicolae_ru_awakened_eye
D:8:      layout_cave_pods, david_lair_shrubbed, serial_shops, shop,
          minmay_pinched_square, uniq_joseph
Temple:   nicolae_temple_bog_church

Skill      XL: |  1  2  3  4  5  6  7  8  9 |
---------------+----------------------------+-----
Alchemy        | 4 5 6 8 10 | 10.0
Conjurations   | 2 3 5 |  5.0
Air Magic      | 2 |  2.0
Spellcasting   | 4 5 |  5.3
Earth Magic    | 3 6 |  6.0
Dodging        | |  2.1
Stealth        | |  3.0

Action                     |  1- 3 |  4- 6 |  7- 9 || total
---------------------------+-------+-------+-------++-------
  Melee: Dagger            |     6 |    11 |    47 ||    64
         Bite              |     2 |       |    17 ||    19
         Unarmed           |     2 |       |       ||     2
         Punch             |       |       |     1 ||     1
         Long sword        |       |       |    35 ||    35
   Cast: Sting             |    63 |    46 |    58 ||   167
         Mephitic Cloud    |       |     1 |     7 ||     8
         Olgreb's Toxic Ra |       |     6 |    28 ||    34
         Stone Arrow       |       |       |    15 ||    15
    Use: Potion            |       |       |     5 ||     5
   Stab: Sleeping          |       |       |     1 ||     1
         Confused          |       |       |     1 ||     1
 Armour: Robe              |    19 |     6 |       ||    25
         Leather armour    |       |       |   122 ||   122
  Dodge: Dodged            |    22 |    13 |   101 ||   136
